 Dungeon Crawl Stone Soup version 0.28-a0-8-g6e044cfa68 (webtiles) character file.

Game seed: 4681847925053053010

2233 Spectrina the Thaumaturge (level 9, -8/90 HPs)
             Began as a Djinni Delver on July 24, 2021.
             Was a Follower of Uskayaw.
             Killed by divine providence
             ... invoked by an orc priest
              (13 damage)
             ... on level 8 of the Dungeon.
             The game lasted 00:59:41 (4870 turns).

Spectrina the Thaumaturge (Djinni Delver)           Turns: 4870, Time: 00:59:42

Health: -8/90      AC:  8    Str: 11    XL:     9   Next: 62%
Gold:   171        EV: 12    Int: 16    God:    Uskayaw [*.....] SH:  0 Dex: 14

rFire   + + .      SeeInvis +   a - +0 flail (holy)
rCold   x . .      Faith    .   (no shield)
rNeg    . . .      Spirit   .   O - +0 steam dragon scales
rPois   ∞          Reflect  .   t - +0 helmet
rElec   .          Harm     .   (no cloak)
rCorr   .          Rampage  .   (no gloves)
Will    .....                   (boots unavailable)
Stlth   ..........              (no amulet)
HPRegen 0.25/turn               n - ring of see invisible
MPRegen 0.00/turn               (no ring)

@: berserking, flying, very quick
A: sickness immunity, fire resistance 2, cold vulnerability 1, float, innate
caster, hp casting, extra vitality 1, iridescent scales 1
a: Renounce Religion, Stomp


You were on level 8 of the Dungeon.
You worshipped Uskayaw.
Uskayaw was noncommittal.
You visited 1 branch of the dungeon, and saw 8 of its levels.
You also visited: Sewer.

You collected 391 gold pieces.
You spent 220 gold pieces at shops.

Inventory:

Hand Weapons
 a - a +0 flail of holy wrath (weapon)
 b - a +0 hunting sling
 p - a +2 whip of flaming
 w - a +0 antimagic whip
 y - a +1 dagger of venom
 B - a +0 hand crossbow
 K - a +2 dagger of draining
 L - a +0 antimagic scythe
 N - a +0 shortbow
Missiles
 l - 59 sling bullets
 q - 334 stones
 u - 6 poisoned darts (quivered)
 x - 69 arrows
 C - 33 bolts
 F - 3 throwing nets
Armour
 k - a +0 leather armour
 t - a +0 helmet (worn)
 v - a +0 leather armour of positive energy
 O - +0 steam dragon scales (worn)
Jewellery
 n - a ring of see invisible (left hand)
Wands
 g - a wand of digging (3)
 j - a wand of flame (34)
 m - a wand of acid (14)
 M - a wand of mindburst (8)
Scrolls
 c - 2 scrolls of fog
 e - 3 scrolls of fear
 h - a scroll of amnesia {unknown}
 i - 2 scrolls of enchant weapon {unknown}
 E - a scroll of vulnerability
 G - 2 scrolls of teleportation {unknown}
Potions
 f - 2 potions of haste
 o - a potion of curing
 r - a potion of attraction
 s - a potion of resistance
 z - a potion of heal wounds
 A - 2 potions of lignification
 D - a potion of berserk rage
 H - a potion of brilliance
 I - a potion of cancellation
 J - 2 potions of might


   Skills:
 - Level 3.0 Fighting
 - Level 1.5 Maces & Flails
 - Level 2.1 Dodging
 - Level 4.1 Stealth
 * Level 8.2 Spellcasting
 + Level 5.5 Invocations


You had 15 spell levels left.
You knew the following spells:

 Your Spells              Type           Power      Damage    Failure   Level
a - Mephitic Cloud        Conj/Pois/Air  32%        N/A       1%          3
b - Blink                 Tloc           N/A        N/A       1%          2
f - Inner Flame           Hex/Fire       32%        N/A       1%          3
m - Animate Skeleton      Necr           64%        N/A       1%          1
Your spell library was empty.

Dungeon Overview and Level Annotations

Branches:
Dungeon (8/15)             Temple (0/1) D:5           Sewer (visited)
   Lair: D:8-11

Altars:
Dithmenos
Elyvilon
Gozag
Kikubaaqudgha
Makhleb
Nemelex Xobeh
Okawaru
Trog
Uskayaw
Yredelemnul
Zin
The Shining One

Shops:
D:2 ![(((   D:4 [


Innate Abilities, Weirdness & Mutations

You are immune to sickness and miasma.
You are immune to poison.
Your flesh is very heat resistant. (rF++)
You are vulnerable to cold. (rC-)
You float through the air rather than walking.
You learn spells naturally, not from books.
Your magical power is your life essence.
You have superior vitality. (+4 HP)
You are partially covered in iridescent scales. (AC +2)


Message History

A bullfrog comes into view.
The orc priest invokes the aid of Beogh against you.
Pain shoots through your body!
* * * LOW HITPOINT WARNING * * *
The orc priest shouts!
Found a stone staircase leading down.
Unknown command.
Unknown command.
You feel better.
An orc wizard comes into view. It is wielding a +0 dagger.
Okay, then.
Your +0 flail of holy wrath softly glows with a divine radiance!
a - a +0 flail of holy wrath (weapon)
Okay, then.
The orc wizard shouts!
You hear a croak.
The orc priest begins to cast a cantrip, but forgets the words!
A red film seems to cover your vision as you go berserk!
You feel yourself moving faster!
You feel mighty!
The orc priest invokes the aid of Beogh against you.
Beogh smites you!
* * * LOW HITPOINT WARNING * * *
The orc wizard hits you but does no damage.
Unknown command.
You closely miss the orc wizard.
The orc wizard hits you but does no damage.
You barely miss the orc wizard.
The orc priest calls down the wrath of Beogh upon you.
Beogh smites you!
* * * LOW HITPOINT WARNING * * *
Unknown command.
You closely miss the orc wizard.
The orc wizard hits you but does no damage.
You sock the orc wizard!
The orc wizard is heavily wounded.
The orc wizard closely misses you.
You sock the orc wizard!
You kill the orc wizard!
The orc priest calls down the wrath of Beogh upon you.
Beogh smites you!
You die...

,,,,,,,,,,,,,,*,*,,,*,**,********
##.Z..#***,,,,,,,,....,#.,,,,,,,,
......# *,,,,*,,,>..o♣.#*****,**
,.....# *,,,*,,,,oF...#* ****,*
*#....# *,,,**,*,o.♣.#* *,,,,*
*#....# *,,,***,,...#* *,****
.#....# *,,,* ***...* *,* .#....#
#########o#** *,* ......#
#......@o.#*******,* #.....#
#.#######.#,,,,,,,,*
#.....####.#######.#,******,*
##........†.........,,,* *,*
#>...##.#.#######.#.*,* *,*
##.#.#...:........#.#,* ***
#.#.#..#.#########,#,*****
#.#....#.## *,*,,,,,**
#......<..# *,,,,,,,,*


You could see 2 orc priests.

Vanquished Creatures
  Sigmund (D:5)
  A steam dragon (D:7)
  An ice beast (D:6)
  An orc warrior (D:6)
  A black bear (D:5)
  Purgy (Sewer)
  3 ogres
  2 necrophages
  A centaur (D:6)
  2 phantoms (D:6)
  A bullfrog (D:8)
  A water moccasin skeleton (D:6)
  2 howler monkeys
  3 jellies
  4 hounds
  2 orc priests
  An iron imp (D:5)
  A centaur skeleton (D:6)
  An iguana (D:5)
  5 orc wizards
  Ijyb (D:3)
  10 gnolls
  A howler monkey skeleton (D:5)
  5 adders
  An ufetubus (D:4)
  A worm (D:3)
  A dart slug (D:4)
  19 orcs
  2 endoplasms
  A giant cockroach (D:4)
  31 goblins
  23 hobgoblins
  5 jackals
  12 kobolds
  2 quokkas
  6 ball pythons
  6 bats
  2 frilled lizards (D:3)
  2 goblin skeletons (D:5)
  3 goblin zombies (D:5)
  2 kobold skeletons (D:5)
  2 orc skeletons (D:5)
  An orc zombie (D:5)
  3 rats
177 creatures vanquished.

Vanquished Creatures (collateral kills)
  A rat (D:2)
1 creature vanquished.

Vanquished Creatures (others)
  24 plants (D:3)
24 creatures vanquished.

Grand Total: 202 creatures vanquished

Notes
Turn   | Place    | Note
-------+----------+-------------------------------------------
     0 | D:5      | Spectrina the Djinni Delver began the quest for the Orb.
     0 | D:5      | Reached XP level 1. HP: 20/20 MP: 0/0
    14 | D:4      | Noticed an orc priest
    49 | D:5      | Reached skill level 1 in Spellcasting
    49 | D:5      | Reached XP level 2. HP: 15/25 MP: 0/0
    65 | D:5      | Found a glowing golden altar of the Shining One.
    88 | D:5      | Reached skill level 2 in Spellcasting
    88 | D:5      | Reached XP level 3. HP: 8/30 MP: 0/0
    88 | D:5      | Learned a level 1 spell: Animate Skeleton
   192 | D:4      | Found a glowing drain.
   196 | Sewer    | Entered a sewer
   273 | Sewer    | Noticed Purgy
   276 | Sewer    | Gained mutation: You are partially covered in iridescent
                  | scales. (AC +2) [potion of mutation]
   330 | Sewer    | Killed Purgy
   331 | Sewer    | Reached skill level 3 in Spellcasting
   331 | Sewer    | Reached XP level 4. HP: 12/35 MP: 0/0
   331 | Sewer    | Reached XP level 5. HP: 14/40 MP: 0/0
   331 | Sewer    | Learned a level 2 spell: Blink
   372 | D:4      | Noticed an ogre
   417 | D:4      | Found Xeffan's Armour Emporium.
   476 | D:4      | Killed an ogre
   477 | D:4      | Reached skill level 4 in Spellcasting
   477 | D:4      | Reached XP level 6. HP: 23/46 MP: 0/0
   514 | D:3      | Found a hide-covered altar of Uskayaw.
   552 | D:3      | Became a worshipper of Uskayaw the Reveller
   557 | D:3      | Found a sparkling altar of Nemelex Xobeh.
   641 | D:4      | Reached * piety under Uskayaw
   651 | D:4      | Reached ** piety under Uskayaw
   674 | D:4      | Reached *** piety under Uskayaw
   678 | D:4      | HP: 1/46 [dart slug/slug dart (3)]
   739 | D:4      | Found an iron altar of Okawaru.
   804 | D:2      | Found Neathrofu's Antique Weapon Boutique.
   912 | D:2      | Found a shadowy altar of Dithmenos.
  1092 | D:2      | Found Ommagi's Weapon Boutique.
  1100 | D:2      | Found Niloixi's Antique Weapon Boutique.
  1278 | D:4      | Reached skill level 5 in Spellcasting
  1278 | D:4      | Reached XP level 7. HP: 36/50 MP: 0/0
  1278 | D:4      | Learned a level 3 spell: Mephitic Cloud
  1350 | D:4      | Found a bloodstained altar of Trog.
  1566 | D:4      | Found a glowing silver altar of Zin.
  2087 | D:4      | Reached **** piety under Uskayaw
  2163 | D:4      | Reached skill level 1 in Invocations
  2724 | D:6      | HP: 2/50 [water moccasin skeleton (5)]
  2731 | D:6      | Reached XP level 8. HP: 3/56 MP: 0/0
  2869 | D:5      | Reached skill level 6 in Spellcasting
  3091 | D:2      | Found Nishri's Distillery.
  3094 | D:2      | Bought a potion of haste for 100 gold pieces
  3094 | D:2      | Bought a potion of lignification for 30 gold pieces
  3094 | D:2      | Bought a potion of brilliance for 40 gold pieces
  3094 | D:2      | Bought a potion of berserk rage for 50 gold pieces
  3120 | D:2      | Found Cuocvevo's Antique Armour Emporium.
  3210 | D:3      | Found a white marble altar of Elyvilon.
  3276 | D:3      | Noticed Ijyb
  3279 | D:3      | Found a basalt altar of Yredelemnul.
  3287 | D:3      | Killed Ijyb
  3386 | D:3      | Found a burning altar of Makhleb.
  3727 | D:5      | Found a staircase to the Ecumenical Temple.
  3727 | D:5      | Noticed Sigmund
  3747 | D:5      | Killed Sigmund
  4039 | D:6      | Reached skill level 7 in Spellcasting
  4139 | D:6      | Reached XP level 9. HP: 50/60 MP: 0/0
  4139 | D:6      | Learned a level 3 spell: Inner Flame
  4384 | D:6      | Reached skill level 5 in Invocations
  4613 | D:7      | Found an opulent altar of Gozag.
  4654 | D:7      | Reached skill level 8 in Spellcasting
  4867 | D:8      | HP: 4/90 [orc priest/divine providence (12)]
  4870 | D:8      | Killed from afar by an orc priest

Illustrated notes

Levels and vault maps discovered:
D:1:      beargit_arrival_greenhouse, layout_rooms, serial_corexii_hall,
          corexii_hall_statues_i, chequers_hall_statues_y,
          chequers_hall_statues_corner_a, chequers_hall_statues_corner_a,
          corexii_hall_statues_u, chequers_hall_statues_y,
          minmay_misc_feat_tower
D:2:      layout_loops_ring, serial_shops, nicolae_shop_crystal, shop_statue,
          shop, shop, nicolae_shop_trees, basic_altar
D:3:      layout_basic, kennysheep_ying_yang, bloody_makhleb,
          mainiacjoe_overflow_catch_the_wave, nrook_campfire, uniq_ijyb
D:4:      minmay_goblin_kobold_castle, layout_cave_pools,
          grunt_temple_overflow_bloody_war, zin_statuary, serial_shops, shop,
          gup_sewer_entry_bowl, minmay_increasing_density
D:5:      layout_loops_ring, nicolae_tso_besieged_by_evil, temple_green,
          uniq_sigmund
D:6:      layout_basic, mainiacjoe_overflow_concentric_impassable,
          minmay_stone_trees_medium
D:7:      layout_loops_corners, overflow_temple_1_default
D:8:      layout_basic, serial_rivers, chequers_serial_rivers_marsh,
          chequers_serial_rivers_small_b, chequers_serial_rivers_micro_a,
          chequers_serial_rivers_large_b, chequers_serial_rivers_micro_c,
          enter_bailey_3, chequers_serial_rivers_micro_c, grunt_ministairs_2

Skill      XL: |  1  2  3  4  5  6  7  8  9 |
---------------+----------------------------+-----
Spellcasting   | 1 2 3 4 5 7 8 |  8.2
Invocations    | 2 4 5 |  5.5
Fighting       | |  3.0
Maces & Flails | |  1.5
Dodging        | |  2.1
Stealth        | |  4.1

Action                   |  1- 3 |  4- 6 |  7- 9 || total
-------------------------+-------+-------+-------++-------
Melee: Mace              |    60 |    49 |       ||   109
       Flail             |       |    45 |   303 ||   348
       Whip              |       |       |    18 ||    18
 Fire: Hunting sling     |       |    25 |   237 ||   262
Throw: Dart              |       |    26 |     7 ||    33
 Cast: Animate Skeleton  |       |     6 |     2 ||     8
       Mephitic Cloud    |       |       |     9 ||     9
Evoke: Wand              |     5 |    12 |     7 ||    24
  Use: Potion            |     2 |     2 |     2 ||     6
       Scroll            |     1 |       |     7 ||     8
 Stab: Sleeping          |     1 |       |     9 ||    10
       Distracted        |       |     1 |       ||     1
       Paralysed         |       |       |     4 ||     4
       Confused          |       |       |     7 ||     7
Armor: Leather armour    |    15 |    24 |   126 ||   165
       Steam dragon scal |       |       |    12 ||    12
Dodge: Dodged            |    44 |   100 |   262 ||   406

Table legend: (Time is in decaauts)
 A = Elapsed time spent in this place.
 B = Non-inter-level travel time spent in this place.
 C = Inter-level travel time spent in this place.
 D = Time resting spent in this place.
 E = Time spent auto-exploring this place.
 F = Levels seen in this place.
 G = Mean time per level.
                   A        B        C        D        E       F      G
               +--------+--------+--------+--------+--------+-----+--------+
         Total |   5035 |   4907 |    128 |      0 |      0 |   9 |  559.4 |
       Dungeon |   4864 |   4736 |    128 |      0 |      0 |   8 |  608.0 |
         Sewer |    170 |    170 |      0 |      0 |      0 |   1 |  170.0 |
               +--------+--------+--------+--------+--------+-----+--------+

Top non-repeatable levels by time:
     D:4: 1824 daAuts
     D:6: 830 daAuts
     D:5: 781 daAuts
     D:3: 594 daAuts
     D:2: 447 daAuts
     D:7: 245 daAuts
   Sewer: 170 daAuts
     D:1: 74 daAuts
     D:8: 67 daAuts
